AoeStats
← Rat-Chimp

Pilgrims

510068686Analyzed
3v3 RM · 3d ago on Sep 29, 2026· 45m 29s· 6 players
Game mode
Random Map
Map size
Normal (6 player)
Population
200
Speed
Normal
Resources
Standard
Victory
Conquest
Starting age
Dark Age
Ending age
Imperial Age
RankedLock teamsTeams togetherTeam positionsShared explorationLock speedFull tech treeHidden civsTurbo modeCheats
Victory
Defeat
🇦🇺 Japanese · Australia
1082
+11
🇮🇹 Romans · Italy
1077
+11
🇬🇧 Byzantines · United Kingdom
1010
+13
🇦🇺 Mongols · Australia
1083
-17
🇦🇺 Slavs · Australia
981
-12
🇦🇺 Goths · Australia
802
-6
SGSCavalry80
12:57 Feudal Age
14:40 Double-Bit Axe
17:57 Castle Age
15:52 Stone Mining
15:54 Gold Mining
16:23 Forging
15:59 Fishing Lines
17:09 Scale Barding Armor
16:51 Horse Collar
20:31 Iron Casting
25:04 Loom
28:12 Imperial Age
26:34 Heavy Plow
27:21 Gold Shaft Mining
26:52 Husbandry
27:12 Gillnets
28:19 Chain Barding Armor
28:47 Wheelbarrow
31:00 Hand Cart
32:47 Conscription
31:51 Elite Cataphract
34:05 Crop Rotation
36:40 Plate Barding Armor
41:46 Chemistry
40:28 Treadmill Crane
41:09 Ballistics
41:57 Logistica
42:50 Caravan
Khruner
12:39 Feudal Age
10:58 Loom
14:34 Double-Bit Axe
17:15 Castle Age
15:53 Scale Mail Armor
16:07 Forging
16:23 Man-at-Arms
17:36 Long Swordsman
18:16 Horse Collar
18:52 Squires
22:10 Pikeman
25:38 Iron Casting
25:18 Chain Mail Armor
27:45 Wheelbarrow
26:56 Town Watch
30:20 Gold Mining
31:10 Chain Mail Armor
31:01 Scale Barding Armor
35:14 Imperial Age
33:01 Hand Cart
34:33 Chain Barding Armor
35:45 Capped Ram
35:50 Halberdier
36:03 Legionary
37:52 Siege Ram
39:50 Gold Shaft Mining
40:18 Blast Furnace
39:44 Comitatenses
39:50 Conscription
40:07 Bow Saw
40:02 Heavy Plow
42:51 Elite Centurion
Starving Maggot
5:27 Loom
11:53 Feudal Age
14:00 Double-Bit Axe
17:09 Forging
17:10 Man-at-Arms
18:30 Horse Collar
23:49 Castle Age
24:08 Scale Mail Armor
25:43 Iron Casting
24:32 Long Swordsman
25:43 Medium Warships
28:58 Chain Mail Armor
31:20 Imperial Age
30:26 Bow Saw
30:18 Heavy Plow
30:11 Gold Mining
34:03 Wheelbarrow
33:37 Squires
33:44 Fishing Lines
36:04 Gold Shaft Mining
36:28 Fletching
37:45 Ballistics
38:01 Plate Mail Armor
40:35 Chemistry
39:20 Treadmill Crane
40:46 Chemistry
39:45 Bodkin Arrow
41:03 Bracer
42:04 Blast Furnace
41:04 Padded Archer Armor
40:34 Heavy Cavalry Archer
41:37 Bloodlines
41:28 Husbandry
42:00 Parthian Tactics
41:47 Thumb Ring
42:08 Conscription
43:23 Leather Archer Armor
Hype-Rat
11:34 Feudal Age
14:39 Scale Barding Armor
14:30 Fishing Lines
15:58 Bloodlines
16:02 Loom
18:51 Castle Age
19:49 Medium Warships
21:28 Fletching
23:45 Wheelbarrow
22:55 Town Watch
24:54 Double-Bit Axe
26:29 Padded Archer Armor
32:29 Bodkin Arrow
34:27 Ballistics
37:28 Hand Cart
Rat-Chimp
9:20 Loom
13:57 Feudal Age
20:54 Castle Age
20:19 Scale Mail Armor
20:13 Double-Bit Axe
20:11 Horse Collar
21:38 Forging
21:04 Man-at-Arms
21:54 Squires
21:15 Pikeman
29:12 Husbandry
29:23 Bloodlines
31:20 Scale Barding Armor
32:21 Chain Barding Armor
33:28 Detinets
33:54 Chain Mail Armor
34:14 Iron Casting
36:57 Wheelbarrow
42:50 Imperial Age
43:32 Bow Saw
45:22 Plate Barding Armor
44:26 Halberdier
Ratrat
9:41 Loom
14:19 Feudal Age
21:19 Castle Age
19:04 Man-at-Arms
22:21 Horse Collar
24:00 Long Swordsman
25:44 Stone Mining
29:57 Wheelbarrow
33:49 Anarchy
36:36 Hand Cart
38:52 Imperial Age
36:21 Pikeman
37:36 Scale Barding Armor
37:32 Scale Mail Armor
37:46 Forging
37:58 Fletching
38:09 Padded Archer Armor
40:59 Halberdier
Connection lost

Rejoining the realm…

Still unreachable

The connection could not be restored.

Session expired

The server has moved on; the page needs a fresh start.